 Dungeon Crawl Stone Soup version 0.25-a0-167-g836c352ace (webtiles) character file.

Game seed: 1776703787367959531, levelgen mode: deterministic

23 Leeroy the Conjurer (level 2, 0/30 HPs)
             Began as a Draconian Conjurer on Nov 25, 2019.
             Slain by a gnoll
             ... wielding a +0 spear
              (5 damage)
             ... on level 1 of the Dungeon.
             The game lasted 00:01:40 (755 turns).

Leeroy the Conjurer (Draconian Conjurer)             Turns: 755, Time: 00:01:41

Health: 0/30       AC: 21    Str: 10    XL:     2   Next: 72%
Magic:  0/5        EV:  2    Int: 15    God:
Gold:   25         SH:  0    Dex: 11    Spells: 4/5 levels left

rFire    . . .     SeeInvis .   g - +0 rapier
rCold    . . .     Gourm    .   (no shield)
rNeg     + + +     Faith    .   (armour unavailable)
rPois    +         Spirit   .   (helmet currently unavailable)
rElec    .         Reflect  .   (cloak currently unavailable)
rCorr    .         Harm     .   (gloves currently unavailable)
MR       .....     NoTele   +   (boots currently unavailable)
Stlth    ++........             (no amulet)
HPRegen  0.10/turn              (no ring)
MPRegen  0.09/turn              (no ring)

@: tree-form, very slightly contaminated
A: unfitting armour, AC +4
a: no special abilities


You were on level 1 of the Dungeon.
You were not hungry.
You were a tree.
You visited 1 branch of the dungeon, and saw 2 of its levels.

You collected 25 gold pieces.

Inventory:

Hand Weapons
 g - a +0 rapier (weapon)
Missiles
 e - 8 poisoned darts (quivered)
Armour
 f - a +0 pair of boots (melded)
Scrolls
 a - a scroll of teleportation {unknown}
 c - 2 scrolls of identify {unknown}
 d - a scroll of enchant weapon {unknown}
Potions
 i - a potion of magic {unknown}
Comestibles
 b - 3 rations
 h - 4 chunks of flesh


   Skills:
 + Level 0.3 Short Blades
 - Level 1.7 Dodging
 - Level 1.7 Stealth
 - Level 2.0 Spellcasting
 + Level 4.8 Conjurations


You had 4 spell levels left.
You knew the following spells:

 Your Spells              Type           Power        Failure   Level  Hunger
a - Magic Dart            Conj           ###.         3%          1    #......

Your spell library contained the following spells:

 Spells                   Type           Power        Failure   Level  Hunger
 Searing Ray              Conj           ###...       4%          2    ###....
 Dazzling Spray           Conj/Hex       #.....       26%         3    ###....
 Iskenderun's Mystic Bla  Conj           ###.....     30%         4    #####..
 Force Lance              Conj/Tloc      #.......     63%         4    #####..
 Fulminant Prism          Conj/Hex       #.........   63%         4    #####..


Dungeon Overview and Level Annotations

Branches:
Dungeon (2/15)

Altars:


Innate Abilities, Weirdness & Mutations

((Your plain brown scales are hard. (AC +4)))
You cannot fit into any form of body armour.
((You are cold-blooded and may be slowed by cold attacks.))


Message History

The gnoll is lightly wounded.
The bat hits you but does no damage. The gnoll hits you but does no damage.
Casting: Magic Dart (safe; 3% risk of failure)
Confirm with . or Enter, or press ? or * to list all spells.
Aiming: Magic Dart (safe; 3% risk of failure)
Press: ? - help, Shift-Dir - straight line, f/p - gnoll
Aim: a gnoll, wielding a +0 spear (lightly wounded)
The magic dart hits the gnoll.
The gnoll is heavily wounded.
The gnoll hits you but does no damage.
Casting: Magic Dart (safe; 3% risk of failure)
Confirm with . or Enter, or press ? or * to list all spells.
Aiming: Magic Dart (safe; 3% risk of failure)
Press: ? - help, Shift-Dir - straight line, f/p - gnoll
Aim: a gnoll, wielding a +0 spear (heavily wounded)
The magic dart hits the gnoll.
The gnoll is almost dead.
The bat hits you but does no damage.
The gnoll hits you from afar with a +0 spear.
You die...

......##S# #.......
#... ......##.#
#....... #...
......##.#######.......
#.. ......##....g....#
......##########.#
####### ####.# #..bg#
#.##.# # #.♣# #.......#
#........ #.....#.#.
#...$.#.##. #.....#..
.# #.....### . #..?. .


You could see a gnoll and a bat.

Vanquished Creatures
  An adder (D:1)
  A giant cockroach (D:2)
  2 goblins (D:2)
  A hobgoblin (D:2)
  4 jackals (D:2)
  3 frilled lizards (D:2)
  A kobold (D:2)
13 creatures vanquished.

Notes
Turn   | Place    | Note
-------+----------+-------------------------------------------
     0 | D:1      | Leeroy the Draconian Conjurer began the quest for the Orb.
     0 | D:1      | Reached XP level 1. HP: 14/14 MP: 3/3
   296 | D:2      | Reached XP level 2. HP: 11/20 MP: 3/5
   755 | D:1      | Slain by a gnoll

Levels and vault maps discovered:
D:1:      tarquinn_simple_flora_water_d, layout_basic
D:2:      layout_rooms, chequers_ecumenical_altar_lobes,
          chequers_serial_rivers_small_a

Action                   || total
-------------------------++-------
Melee: Unarmed           ||    63
       Tailslap          ||     6
       Rapier            ||    28
 Cast: Magic Dart        ||     9
  Use: Potion            ||     1
 Stab: Sleeping          ||     1
Armor: Skin              ||    58
Dodge: Dodged            ||    94

Table legend:
 A = Non-vault XP
 B = Vault XP
 C = Vault XP percentage of total XP
 D = Non-vault monster count
 E = Vault monster count
 F = Vault count percentage of total count
                 A         B        C        D         E       F
            +---------+---------+-------+---------+---------+-------
      Total |      33 |       0 |   0.0 |      13 |       0 |   0.0
            +---------+---------+-------+---------+---------+-------
        D:1 |      13 |       0 |   0.0 |       1 |       0 |   0.0
        D:2 |      20 |       0 |   0.0 |      12 |       0 |   0.0
            +---------+---------+-------+---------+---------+-------
